Map: Frostline LE

Players

David

  • Race: Terran Terran
  • Spawn Location: 1:00

SWARM - Winner!

  • Race: Terran Terran
  • League: Platinum
  • Spawn Location: 7:00

VOD

Have the link to the VOD?

Description

Time

  • Played on: April 11, 2025, 10:28 a.m.
  • Length: 2:30
Show
View Real Time Build Order
Export as new Build Order

David Terran 

Build Orders:  

Get SALT Encoding   

  12  0:01  SCV  
  13  0:13  SCV  
  14  0:18  Supply Depot  
  14  0:29  Refinery  
  14  0:33  SCV  
  15  0:45  SCV  
  15  0:47  Barracks  
  16  0:58  SCV  
  17  1:17  Supply Depot  
  17  1:34  Orbital Command  
  17  1:35  Barracks Reactor  
  17  1:38  Engineering Bay  
  17  2:05  Command Center  
  17  2:24  Barracks  
Show
View Real Time Build Order
Export as new Build Order

SWARM Terran - Winner!

Build Orders:  

Get SALT Encoding   

  12  0:02  SCV  
  13  0:14  SCV  
  13  0:17  Supply Depot  
  14  0:29  SCV  
  15  0:39  Barracks  
  15  0:49  SCV  
  16  1:04  SCV  
  16  1:06  Barracks  
  17  1:16  SCV  
  18  1:26  Barracks  
  18  1:27  Barracks  
  18  1:29  SCV  
  19  1:37  Supply Depot  
  19  1:39  Marine  
  19  1:44  SCV  
  21  1:52  Marine  
  22  1:57  Marine  
  23  2:10  Marine  
  26  2:20  Bunker  
  26  2:22  Bunker  
Tags
 
League
Platinum
Matchup
TvT
Race
Terran
Replay Pack
DaveSC2
Spawn Locations
Cross Positions
Add a new tag
Caveats
  • Supply blocks, unpowered buildings, or Contaminate may cause inaccurate times.
  • Supply counts are checked every 10 seconds.